 Dungeon Crawl Stone Soup version 0.30-a0-726-gd89dcf765f (webtiles) character file.

Game seed: 1042572419604184224

25 Pooter the Trooper (level 2, 0/27 HPs)
             Began as a Minotaur Fighter on Jan 29, 2023.
             Succumbed to a goblin's poison
             ... on level 2 of the Dungeon.
             The game lasted 00:03:11 (814 turns).

Pooter the Trooper (Minotaur Fighter)                Turns: 814, Time: 00:03:12

Health: 0/27       AC:  9    Str: 20    XL:     2   Next: 82%
Magic:  1/1        EV:  7    Int:  5    God:
Gold:   16         SH:  4    Dex:  9    Spells: 1/1 levels left

rFire   . . .      SeeInvis .    a - +0 war axe
rCold   . . .      Faith    .    c - +0 buckler
rNeg    . . .      Spirit   .    g - +0 chain mail
rPois   .          Reflect  .    (helmet restricted)
rElec   .          Harm     .    (no cloak)
rCorr   .          Rampage  .    (no gloves)
Will    .....                    (no boots) Stlth
                                 (no amulet)
HPRegen 0.24/turn                (no ring)
MPRegen 0.07/turn                (no ring)

@: lethally poisoned (0 -> -9)
A: horns 2, retaliatory headbutt
a: no special abilities


You were on level 2 of the Dungeon.
You visited 1 branch of the dungeon, and saw 2 of its levels.

You collected 16 gold pieces.

Inventory:

Hand Weapons
 a - a +0 war axe (weapon)
 b - a +0 sling
   (You found it on level 1 of the Dungeon)
 o - a +0 trident
   (You found it on level 2 of the Dungeon)
Missiles
 Q - 11 stones (quivered)
Armour
 c - a +0 buckler (worn)
 g - a +0 chain mail (worn)
   (You found it on level 1 of the Dungeon)
Scrolls
 e - a scroll of identify {unknown}
 f - a scroll of poison {!r}
 i - a scroll of teleportation {unknown}
 j - a scroll of enchant weapon {unknown}
 k - a scroll of noise {unknown}
 l - a scroll of enchant armour {unknown}
 m - a scroll of silence {unknown}
Potions
 d - a potion of might
 h - a potion of haste {unknown}
 n - a potion of lignification {unknown}


   Skills:
 + Level 4.1 Fighting
 * Level 3.7 Axes
 - Level 3.6 Armour
 - Level 3.6 Shields


You had one spell level left.
You didn't know any spells.
Your spell library contained the following spells:

 Spells                   Type           Power      Damage    Failure   Level
 Magic Dart               Conj           0%         1d3       100%        1
 Summon Small Mammal      Summ           0%         N/A       100%        1
 Call Imp                 Summ           0%         N/A       100%        2
 Momentum Strike          Conj/Tloc      0%         3d8       100%        2
 Call Canine Familiar     Summ           0%         N/A       100%        3
 Mephitic Cloud           Conj/Pois/Air  0%         N/A       100%        3
 Stone Arrow              Conj/Erth      0%         3d7       100%        3
 Summon Guardian Golem    Hex/Summ       0%         N/A       100%        3
 Iskenderun's Battlesphe  Conj           0%         2d6       100%        5
 Lightning Bolt           Conj/Air       0%         1d11      100%        5


Dungeon Overview and Level Annotations

Branches:
Dungeon (2/15)

Altars:

Shops:
D:1 (


Innate Abilities, Weirdness & Mutations

You have a pair of horns on your head.
You reflexively headbutt those who attack you in melee.


Message History

The kobold shouts!
The goblin throws an atropa-tipped dart.
The atropa-tipped dart closely misses you.
The kobold throws a stone.
The stone hits you but does no damage.
The goblin throws an atropa-tipped dart.
The atropa-tipped dart barely misses you.
The kobold throws a stone.
The stone closely misses you.
A hobgoblin comes into view.
The hobgoblin shouts!
The kobold throws a stone.
You block the stone. The kobold barely misses you.
You barely miss the kobold. Your headbutt misses the kobold.
The kobold hits you but does no damage.
You slash the kobold!
You kill the kobold!
The kobold throws a stone.
The stone hits you but does no damage.
The kobold throws a stone.
The stone hits you but does no damage.
The goblin throws an atropa-tipped dart.
The atropa-tipped dart hits you.
You are confused.
Okay, then.
You feel less confused.
The kobold throws a stone.
The stone hits you but does no damage.
The goblin hits you with a +1 dagger of venom.
You are poisoned.
You hit the goblin but do no damage.
You feel very sick. The goblin hits you but does no damage.
You are more poisoned.
The hobgoblin barely misses you. The goblin hits you but does no damage.
You are lethally poisoned!
You slash the goblin!
You kill the goblin!
You closely miss the hobgoblin.
* * * LOW HITPOINT WARNING * * *
You feel extremely sick. The hobgoblin barely misses you.
You closely miss the hobgoblin. Your headbutt misses the hobgoblin.
You hit the kobold but do no damage.
* * * LOW HITPOINT WARNING * * *
You feel very sick. You block the kobold's attack.
The hobgoblin barely misses you.
You hit the hobgoblin. You hit the kobold but do no damage.
* * * LOW HITPOINT WARNING * * *
You feel very sick. The hobgoblin closely misses you.
The kobold hits you with a +0 whip.
* * * LOW HITPOINT WARNING * * *
The hobgoblin hits you but does no damage.
The kobold hits you but does no damage.
You closely miss the hobgoblin. You closely miss the kobold.
You die...

.. #.##### ..##
#.##### ...###
###.....# .....
#.....#.#
.###...######.###.#
..............# .#
........<.##### ##
......)K...#
.......g@..#
........)..>#
.........####
.........#
.........#
.........#
##########


You could see a hobgoblin and a kobold.

Vanquished Creatures
  A bat (D:1)
  5 endoplasms (D:1)
  2 hobgoblins (D:1)
  7 ball pythons (D:1)
  2 frilled lizards (D:1)
  4 goblins
  A kobold (D:2)
  2 rats (D:1)
24 creatures vanquished.

Notes
Turn   | Place    | Note
-------+----------+-------------------------------------------
     0 | D:1      | Pooter the Minotaur Fighter began the quest for the Orb.
     0 | D:1      | Reached XP level 1. HP: 19/19 MP: 0/0
    58 | D:1      | Found Wuoz Pie's Weapon Emporium.
    79 | D:1      | Reached XP level 2. HP: 26/27 MP: 1/1
   153 | D:1      | Reached skill level 4 in Fighting
   156 | D:1      | Got Sif Muna's Guide on the Birds and the Volley
   240 | D:1      | Found a faded altar of an unknown god.
   814 | D:2      | Succumbed to a goblin's poison

Illustrated notes

Levels and vault maps discovered:
D:1:      matt_arrival_spirals, layout_rooms, serial_shops,
          nicolae_shop_hallway_stairs, hellmonk_ecumenical_altar_run_dry
D:2:      layout_basic, minmay_fountain_box

Skill      XL: |  1  2 |
---------------+-------+-----
Axes           | 3 |  3.7
Fighting       | 4 |  4.1
Armour         | |  3.6
Shields        | |  3.6

Action                     || total
---------------------------++-------
  Melee: War axe           ||    45
         Headbutt          ||     4
    Use: Scroll            ||     1
 Armour: Scale mail        ||     7
         Chain mail        ||    20
  Dodge: Dodged            ||    26
  Block: Buckler           ||     9

Table legend: (Time is in decaauts)
 A = Elapsed time spent in this place.
 B = Non-inter-level travel time spent in this place.
 C = Inter-level travel time spent in this place.
 D = Time resting spent in this place.
 E = Time spent auto-exploring this place.
 F = Levels seen in this place.
 G = Mean time per level.
                   A        B        C        D        E       F      G
               +--------+--------+--------+--------+--------+-----+--------+
         Total |    830 |    816 |     14 |    100 |    551 |   2 |  415.0 |
       Dungeon |    830 |    816 |     14 |    100 |    551 |   2 |  415.0 |
               +--------+--------+--------+--------+--------+-----+--------+

Top non-repeatable levels by time:
     D:1: 649 daAuts
     D:2: 181 daAuts
